 Dungeon Crawl Stone Soup version 0.31-a0-1002-g8e65716e6e (webtiles) character file.

Game seed: 682754925974130960

822 Revguard the Ruffian (level 7, -1/64 (71) HPs)
             Began as a Troll Monk on Nov 7, 2023.
             Slain by a gnoll
             ... wielding a +0 whip
             ... led by a gnoll sergeant
              (7 damage)
             ... on level 5 of the Dungeon on Nov 9, 2023.
             The game lasted 00:10:50 (3077 turns).

Revguard the Ruffian (Troll Monk)                   Turns: 3077, Time: 00:10:52

HP:   -1/64 (71)    AC:  5    Str: 20    XL:     7   Next: 63%
MP:   6/6           EV: 11    Int:  6    God:
Gold: 244           SH:  0    Dex: 14    Spells: 6/6 levels left

rFire   . .          .
                       - Unarmed
rCold   . . .        c - orb {light}
rNeg    . . .        a - +0 robe
rPois   .            (helmet restricted)
rElec   .            j - +0 cloak
rCorr   .            (gloves unavailable)
SInv    .            (boots unavailable)
Will    .....        (no amulet)
Stlth   +            (no ring)
HPRegen 1.10/turn    (no ring)
MPRegen 0.10/turn

%: no passive effects
@: confused, ambrosia-drunk, glowing, drained
A: large, unfitting armour, claws 3, regeneration 1, shaggy fur 1, tough skin 1
a: no special abilities


You were on level 5 of the Dungeon.
You visited 2 branches of the dungeon, and saw 6 of its levels.

You collected 244 gold pieces.

Inventory:

Missiles
 m - a throwing net
Armour
 a - a +0 robe (worn)
 c - an orb of light (worn)
 j - a +0 cloak (worn)
Jewellery
 g - a ring of magical power
 l - a ring of ice
Scrolls
 e - a scroll of noise {unknown}
 i - a scroll of amnesia
 k - a scroll of brand weapon {unknown}
 n - a scroll of blinking {unknown}
 o - a scroll of enchant armour {unknown}
 p - a scroll of identify
Potions
 d - a potion of heal wounds {unknown}
 f - 2 potions of curing
 h - a potion of brilliance


   Skills:
 * Level 4.4 Fighting
 + Level 2.4 Armour
 + Level 3.6 Dodging
 * Level 5.4 Unarmed Combat
 + Level 2.1 Evocations


You had 6 spell levels left.
You didn't know any spells.
Your spell library contained the following spells:

 Spells                   Type           Power      Damage    Failure   Level
 Slow                     Hex            0%         N/A       45%         1
 Summon Small Mammal      Summ           0%         N/A       45%         1
 Lesser Beckoning         Tloc           0%         N/A       58%         2
 Call Canine Familiar     Summ           0%         N/A       83%         3
 Confusing Touch          Hex            0%         N/A       83%         3
 Gell's Gravitas          Tloc           0%         N/A       83%         3
 Sigil of Binding         Hex            0%         N/A       83%         3
 Stone Arrow              Conj/Erth      0%         3d7       83%         3
 Summon Guardian Golem    Hex/Summ       0%         N/A       83%         3
 Teleport Other           Tloc           0%         N/A       83%         3
 Vampiric Draining        Necr           0%         2d6       83%         3
 Animate Armour           Summ/Erth      0%         N/A       99%         4
 Lehudib's Crystal Spear  Conj/Erth      0%         10d2      100%        8


Dungeon Overview and Level Annotations

Branches:
Dungeon (5/15)             Temple (1/1) D:5

Altars:
Ashenzari
Dithmenos
Elyvilon
Fedhas
Gozag
Kikubaaqudgha
Makhleb
Nemelex Xobeh
Okawaru
Qazlal
Ru
Sif Muna
Trog
Uskayaw
Vehumet
Wu Jian
Xom
Yredelemnul
The Shining One

Shops:
D:1 =*


Innate Abilities, Weirdness & Mutations

You are too large for most types of armour.
You have claws for hands.
Your natural rate of healing is unusually fast.
You are covered in fur. (AC +1)
You have tough skin. (AC +1)


Message History

The gnoll hits you with a +0 whip.
You claw the gnoll sergeant!
The gnoll sergeant is almost dead.
The gnoll hits you with a +2 whip of draining!
You feel drained. The gnoll sergeant closely misses you.
The gnoll completely misses you.
You scratch the gnoll sergeant but do no damage.
The gnoll sergeant is almost dead.
The gnoll barely misses you.
The gnoll sergeant hits you with a +0 spear!
The gnoll barely misses you. The gnoll hits you with a +0 whip.
You scratch the gnoll sergeant but do no damage.
The gnoll sergeant is almost dead.
The gnoll closely misses you.
The gnoll sergeant hits you with a +0 spear.
The gnoll closely misses you. The gnoll hits you with a +0 whip.
You mangle the gnoll sergeant!!
You kill the gnoll sergeant!
The gnoll closely misses you.
The gnoll hits you with a +2 whip of draining.
You feel drained. The gnoll hits you with a +0 whip!
You claw the gnoll!
The gnoll is heavily wounded.
The gnoll hits you with a +0 flail!
* * * LOW HITPOINT WARNING * * *
The gnoll hits you with a +2 whip of draining!
* * * LOW HITPOINT WARNING * * *
You feel drained. The gnoll hits you with a +0 whip.
* * * LOW HITPOINT WARNING * * *
You feel better. The gnoll misses you. The gnoll closely misses you.
The gnoll hits you with a +0 whip.
* * * LOW HITPOINT WARNING * * *
You are confused.
You feel invigorated. The gnoll barely misses you.
The gnoll hits you with a +2 whip of draining.
* * * LOW HITPOINT WARNING * * *
You feel drained.
* * * LOW HITPOINT WARNING * * *
The gnoll hits you with a +0 whip!
You die...

...............# .
#...............# .
#...............# .
#[..............####
#####.......####'##.....
............#.....#.....
............#.....#.....
......g.....'.....+.....
......)@....#.....#.....
......g.g...#.....#.....
.....#####+##.....##....
.... #.......#.... ...
#.......#.... ..
#.......#.... #
##......#....
#......#....
########....


You could see 3 gnolls.

Vanquished Creatures
  A black bear (D:5)
  2 ogres
  A gnoll sergeant (D:5)
  A hound (D:4)
  2 jellies
  Crazy Yiuf (D:2)
  A gnoll bouda (D:4)
  A sleepcap (D:4)
  2 iguanas
  An orc wizard (D:5)
  5 gnolls (D:4)
  8 adders
  2 ufetubi (D:5)
  A worm (D:2)
  2 dart slugs (D:2)
  20 orcs
  7 bats
  6 endoplasms
  3 giant cockroaches
  6 goblins
  3 hobgoblins
  5 kobolds
  5 quokkas
  10 ball pythons
  4 frilled lizards (D:2)
  5 rats
105 creatures vanquished.

Notes
Turn   | Place    | Note
-------+----------+-------------------------------------------
     0 | D:1      | Revguard the Troll Monk began the quest for the Orb.
     0 | D:1      | Reached XP level 1. HP: 22/22 MP: 0/0
    45 | D:1      | Found Keimetug's General Store.
   107 | D:1      | Upgraded the game from 0.31-a0-996-g3b49de5836 to
                  | 0.31-a0-1002-g8e65716e6e
   108 | D:1      | Found Keja Otu's Jewellery Emporium.
   277 | D:1      | Reached XP level 2. HP: 20/29 MP: 1/1
   816 | D:2      | Reached XP level 3. HP: 36/36 MP: 2/2
   928 | D:2      | Found a runed translucent door.
   929 | D:2      | Noticed Crazy Yiuf
  1200 | D:2      | Killed Crazy Yiuf
  1201 | D:2      | Reached skill level 1 in Armour
  1201 | D:2      | Reached XP level 4. HP: 27/45 MP: 3/3
  1251 | D:3      | Noticed an ogre
  1256 | D:3      | Killed an ogre
  1257 | D:3      | Reached skill level 4 in Unarmed Combat
  1257 | D:3      | Reached skill level 1 in Evocations
  1257 | D:3      | Reached XP level 5. HP: 42/53 MP: 4/4
  1895 | D:4      | Noticed an ogre
  1900 | D:4      | Killed an ogre
  1901 | D:4      | Reached XP level 6. HP: 59/62 MP: 5/5
  1953 | D:4      | Found a glowing golden altar of the Shining One.
  1986 | D:4      | Found a shimmering altar of Xom.
  1998 | D:4      | Found a basalt altar of Yredelemnul.
  2000 | D:4      | Found a radiant altar of Vehumet.
  2008 | D:4      | Found an ancient bone altar of Kikubaaqudgha.
  2203 | D:4      | Found a blossoming altar of Fedhas.
  2232 | D:4      | Reached XP level 7. HP: 67/70 MP: 6/6
  2323 | D:4      | Reached skill level 5 in Unarmed Combat
  2595 | D:5      | Entered Level 5 of the Dungeon
  2614 | D:5      | Found a staircase to the Ecumenical Temple.
  2636 | Temple   | Entered the Ecumenical Temple
  3075 | D:5      | HP: 2/66 [gnoll/+0 whip[a gnoll sergeant] (2)]
  3077 | D:5      | Slain by a gnoll

Illustrated notes

Levels and vault maps discovered:
D:1:      tekkud_arrival_beachfront_property, layout_rooms, serial_shops,
          nicolae_shop_gaudy_bauble, shop, palyth_stone_intersect
D:2:      layout_loops_ring, grunt_ministairs_6, minmay_pentomino_o2,
          uniq_crazy_yiuf_cottage
D:3:      layout_rooms, kennysheep_path_1, kennysheep_generic_room_3
D:4:      layout_loops_ring, nicolae_overflow_hallway_of_the_gods,
          minmay_ruined_shrine
D:5:      layout_gridville, minmay_temple_entry_ruins, uniq_prince_ribbit1
Temple:   dpeg_chambers_temple

Skill      XL: |  1  2  3  4  5  6  7 |
---------------+----------------------+-----
Fighting       | 3 4 |  4.4
Armour         | 1 2 |  2.4
Dodging        | 3 |  3.6
Unarmed Combat | 4 5 |  5.4
Evocations     | 1 2 |  2.1

Action                     |  1- 3 |  4- 6 |  7- 9 || total
---------------------------+-------+-------+-------++-------
  Melee: Unarmed           |    60 |   109 |    57 ||   226
    Use: Potion            |     2 |     1 |     2 ||     5
         Scroll            |       |     2 |     1 ||     3
 Armour: Robe              |    41 |    72 |    66 ||   179
  Dodge: Dodged            |    35 |    42 |    56 ||   133

Table legend: (Time is in decaauts)
 A = Elapsed time spent in this place.
 B = Non-inter-level travel time spent in this place.
 C = Inter-level travel time spent in this place.
 D = Time resting spent in this place.
 E = Time spent auto-exploring this place.
 F = Levels seen in this place.
 G = Mean time per level.
                   A        B        C        D        E       F      G
               +--------+--------+--------+--------+--------+-----+--------+
         Total |   3058 |   2950 |    108 |      0 |   2184 |   6 |  509.7 |
       Dungeon |   2977 |   2869 |    108 |      0 |   2184 |   5 |  595.4 |
        Temple |     81 |     81 |      0 |      0 |      0 |   1 |   81.0 |
               +--------+--------+--------+--------+--------+-----+--------+

Top non-repeatable levels by time:
     D:2: 778 daAuts
     D:4: 737 daAuts
     D:3: 595 daAuts
     D:1: 469 daAuts
     D:5: 396 daAuts
  Temple: 81 daAuts
